 Dungeon Sprint DCSS version 0.21-a0-52-gbf49515 (webtiles) character file.

8 Kidiri the Ruffian (level 2, -2/31 HPs)
             Began as a Troll Monk on June 13, 2017.
             Was a Believer of Wu Jian.
             Slain by a centaur (shapeshifter)
             ... wielding an uncursed staff of power
              (7 damage)
             ... in the Dungeon (Sprint V: "Ziggurat Sprint").
             The game lasted 00:00:45 (59 turns).

Kidiri the Ruffian (Troll Monk)                       Turns: 59, Time: 00:00:46

Health: -2/31      AC:  5    Str: 24    XL:     2   Next: 0%
Magic:  1/1        EV: 12    Int:  6    God:    Wu Jian [**....]
Gold:   0          SH:  0    Dex: 18    Spells: 1/1 levels left

rFire    . . .     SeeInvis .     - Unarmed
rCold    . . .     Gourm    +   (no shield)
rNeg     . . .     Faith    .   a - +0 robe
rPois    .         Spirit   .   (helmet restricted)
rElec    .         Reflect  .   (no cloak)
rCorr    .         Harm     .   (gloves unavailable)
MR       .....     NoTele   +   (boots unavailable)
Stlth    ++........             (no amulet)
Regen    0.5/turn               z - +6 ring of dexterity
MPRegen  0.1/turn               D - +6 ring of strength

@: no status effects
A: unfitting armour, claws 3, fast metabolism 3, gourmand, regeneration 1,
shaggy fur 1, tough skin 2
a: Renounce Religion


You were in the Dungeon.
You worshipped Wu Jian.
Wu Jian was pleased with you.
You were not hungry.

You visited 1 branch

Inventory:

Armour
 a - a +0 robe (worn)
 i - +5 gold dragon scales
 y - the +18 shield of the Gong {rElec rN+ MR+ EV-5}
   (You found it in the Dungeon)

   It affects your evasion (-5).
   It insulates you from electricity.
   It protects you from negative energy.
   It affects your resistance to hostile enchantments.
Jewellery
 z - a +6 ring of dexterity (left claw)
 A - a +6 ring of dexterity
 D - a +6 ring of strength (right claw)
 E - a +6 ring of strength
Wands
 F - a wand of disintegration (7/24)
 G - a wand of iceblast (5/15)
 H - a wand of lightning (5/15)
 I - a wand of acid (5/15)
Scrolls
 h - 4 scrolls of blinking
 p - 4 scrolls of amnesia
 q - 3 scrolls of recharging
 r - 7 scrolls of fog
 s - a scroll of holy word
 t - 5 scrolls of identify
 u - 5 scrolls of remove curse
 v - 2 scrolls of fear
Potions
 c - 10 potions of curing
 d - 10 potions of heal wounds
 e - 6 potions of haste
 f - 7 potions of magic
 g - 3 potions of berserk rage
 j - 2 potions of brilliance
 k - 2 potions of invisibility
 l - 4 potions of resistance
 n - 5 potions of agility
 o - 5 potions of might
Comestibles
 b - 6 bread rations
 w - 42 fruits
 x - 4 meat rations


   Skills:
 * Level 3.6 Fighting
 + Level 1.4 Armour
 * Level 3.6 Dodging
 * Level 2.3 Stealth
 + Level 1.5 Shields
 * Level 4.4 Unarmed Combat


You had one spell level left.
You didn't know any spells.

Dungeon Overview and Level Annotations

Branches:
Dungeon (1/1)

Altars:
Ashenzari
Cheibriados
Dithmenos
Elyvilon
Fedhas
Gozag
Hepliaklqana
Kikubaaqudgha
Makhleb
Nemelex Xobeh
Okawaru
Qazlal
Ru
Sif Muna
Trog
Uskayaw
Vehumet
Wu Jian
Xom
Yredelemnul
Zin
The Shining One
Beogh
Jiyva
Lugonu

Annotations:
D 1 transporter


Innate Abilities, Weirdness & Mutations

You are too large for most types of armour.
You have claws for hands.
Your metabolism is lightning-fast.
You like to eat raw meat.
Your natural rate of healing is unusually fast.
You are covered in fur. (AC +1)
You have very tough skin. (AC +2)


Message History

Unknown command.
You attack the fire bat from above.
You claw the fire bat!
The fire bat is moderately wounded.
You attack the centaur from above.
You completely miss the centaur. The fire bat bites you.
You are engulfed in flames!
The centaur closely misses you.
Unknown command.
You spin and attack the centaur.
You scratch the centaur but do no damage.
You spin and attack the fire bat.
You barely miss the fire bat.
The fire bat is moderately wounded.
The fire bat bites you.
You are engulfed in flames.
The centaur barely misses you.
Unknown command.
You spin and attack the centaur.
You mangle the centaur!!
The centaur is almost dead.
The fire bat bites you.
You are engulfed in flames!
* * * LOW HITPOINT WARNING * * *
The centaur hits you with an uncursed staff of power!
You die...

▓▓▓▓▓▓▓
▓.8©8.▓
▓.....▓
▓...§.▓
▓.....▓
▓.bc§§▓
▓..@..▓
▓▓▓▓▓▓▓


You could see a fire bat shaped shifter and a centaur.

Vanquished Creatures (others)
  Blork the orc (D)
  Ijyb (D)
2 creatures vanquished.

Notes
Turn   | Place    | Note
-------+----------+-------------------------------------------
     0 | D        | Kidiri the Troll Monk began the quest for the Orb.
     0 | D        | Reached XP level 1. HP: 22/22 MP: 0/0
     3 | D        | Killed Ijyb
     4 | D        | Killed Blork the orc
     5 | D        | Found a deep blue altar of Sif Muna.
     5 | D        | Found a bloodstained altar of Trog.
     5 | D        | Found a sacrificial altar of Ru.
     5 | D        | Found a stormy altar of Qazlal.
     5 | D        | Found an iron altar of Okawaru.
     6 | D        | Found a sparkling altar of Nemelex Xobeh.
     6 | D        | Found a blossoming altar of Fedhas.
     8 | D        | Found a transporter.
     8 | D        | Found an ancient bone altar of Kikubaaqudgha.
     8 | D        | Found a viscous altar of Jiyva.
     8 | D        | Found a corrupted altar of Lugonu.
     8 | D        | Found a hazy altar of Hepliaklqana.
     8 | D        | Found a burning altar of Makhleb.
     8 | D        | Found an opulent altar of Gozag.
    33 | D        | Became a worshipper of the Wu Jian Council
    33 | D        | Reached * piety under Wu Jian
    33 | D        | Reached ** piety under Wu Jian
    44 | D        | Reached skill level 1 in Armour
    44 | D        | Reached skill level 1 in Shields
    44 | D        | Reached skill level 4 in Unarmed Combat
    44 | D        | Reached XP level 2. HP: 31/31 MP: 1/1
    55 | D        | Entered arena 2.
    55 | D        | Noticed a centaur
    55 | D        | Noticed a swamp drake
    55 | D        | Found a transporter.
    56 | D        | Noticed a fire bat
    56 | D        | a swamp drake changed into a fire bat
    59 | D        | Slain by a centaur (shapeshifter)

Vault maps used:
D:        sprint_v

Skill      XL: |  1 |
---------------+----+-----
Fighting       | 3 |  3.6
Armour         | 1 |  1.4
Dodging        | 3 |  3.6
Stealth        | 2 |  2.3
Shields        | 1 |  1.5
Unarmed Combat | 4 |  4.4

Action                   || total
-------------------------++-------
Melee: Unarmed           ||     5
  Use: Potion            ||     1
Dodge: Dodged            ||     2
